 Dungeon Sprint DCSS version 0.30-a0-1161-g0704695555 (webtiles) character file.

Game seed: 4694388346807839228

4800000 123456 the Grand Master (level 23, -28/219 HPs)
             Began as a Demonspawn Gladiator on Apr 27, 2023.
             Was the Champion of Makhleb.
             Annihilated by a destroyer
             ... wielding a +9 heavy great sword
              (203 damage)
             ... in the Dungeon (Sprint VIII: "Arena of Blood").
             The game lasted 00:01:28 (48 turns).

123456 the Grand Master (Demonspawn Gladiator)        Turns: 48, Time: 00:01:28

Health: -28/219    AC: 10    Str: 15    XL:     23   Next: 59%
Magic:  0/42       EV: 41    Int: 11    God:    Makhleb [******]
Gold:   0          SH:  0    Dex: 24    Spells: 52/52 levels left

rFire   . . .        k - +∞ Axe of Woe
rCold   + . .        (shield currently unavailable)
rNeg    . . .        a - +0 leather armour
rPois   .            b - +0 helmet
rElec   .            (no cloak)
rCorr   .            (gloves unavailable)
SInv    .            (no boots)
Will    +....        (no amulet)
Stlth   +++++++      (no ring)
HPRegen 0.56/turn    (no ring)
MPRegen 0.56/turn

%: no teleportation, guardian spirit
@: mighty, agile
A: icy blue scales 3, powered by pain 3, magic shield, magic regeneration, magic
link, bedeviling, demonic touch 3
a: Renounce Religion, Minor Destruction, Lesser Servant of Makhleb, Major
Destruction, Greater Servant of Makhleb


You were in the Dungeon.
You worshipped Makhleb.
Makhleb was exalted by your worship.
You visited 1 branch

Inventory:

Hand Weapons
 k - the +∞ Axe of Woe (weapon)
   (You found it in the Dungeon)
Missiles
 c - 3 throwing nets (quivered)
 d - a javelin
Armour
 a - a +0 leather armour (worn)
 b - a +0 helmet (worn)
Scrolls
 j - a scroll of blinking
Potions
 e - a potion of curing
 f - a potion of heal wounds
 g - a potion of haste
 h - 2 potions of magic
 i - a potion of berserk rage


   Skills:
 O Level 27 Fighting
 + Level 15.2(17.8) Short Blades
 + Level 15.2(17.8) Long Blades
 O Level 27 Axes
 + Level 15.2(24.3) Maces & Flails
 + Level 15.2(24.3) Polearms
 + Level 15.2(19.9) Staves
 + Level 15.2 Ranged Weapons
 O Level 27 Throwing
 + Level 15.2 Armour
 O Level 27 Dodging
 + Level 16.5 Stealth
 + Level 15.2 Shields
 O Level 27 Unarmed Combat
 + Level 15.2 Spellcasting
 + Level 16.5 Conjurations
 + Level 18.3 Hexes
 + Level 16.5 Summonings
 + Level 17.9 Necromancy
 + Level 15.2 Translocations
 + Level 15.2 Transmutations
 + Level 16.9 Fire Magic
 + Level 16.9 Ice Magic
 + Level 16.9 Air Magic
 + Level 16.9 Earth Magic
 + Level 18.3 Poison Magic
 + Level 23.0 Invocations
 + Level 18.3 Evocations


You had 52 spell levels left.
You didn't know any spells.
Your spell library was empty.

Dungeon Overview and Level Annotations

Branches:
Dungeon (1/1)

Altars:
Makhleb


Innate Abilities, Weirdness & Mutations

You are completely covered in icy blue scales. (AC +4, rC+)
You are powered by pain.
When hurt, damage is shared between your health and your magic reserves.
You regenerate magic rapidly.
When low on magic, you restore magic in place of health.
Your hexes are more powerful.
Your touch may irresistibly damage your foes and sap their willpower.


Message History

Your base Long Blades skill increases to level 15!
Your base Maces & Flails skill increases to level 15!
Your base Polearms skill increases to level 15!
Your base Staves skill increases to level 15!
Your Ranged Weapons skill increases to level 15!
Your Armour skill increases to level 15!
Your Shields skill increases to level 15!
Your Spellcasting skill increases to level 15!
Your Hexes skill increases to level 18!
Your Translocations skill increases to level 15!
Your Transmutations skill increases to level 15!
Your Poison Magic skill increases to level 18!
Your Evocations skill increases to level 18!
Unknown command.
Unknown command.
The bag of meat shouts! x2
You slice the large bag of meat!!
Flame seeps out of the large bag of meat.
You chop the large bag of meat into pieces.
Makhleb accepts your kill.
You feel better.
The large bag of meat explodes!
The fiery explosion engulfs you!!
You are engulfed in blazing flames.
You hear a shout! x2
A meat berserker comes into view. It is wielding a +9 battleaxe. x2
The destroyer gestures at you while chanting.
The destroyer blinks!
The tyrant mumbles some strange words.
The tyrant seems to speed up.
You hear a shout!
Your Invocations skill increases to level 23!
Unknown command.
Unknown command.
Unknown command.
A bag of meat comes into view. It is wielding a +9 war axe.
You hear a shout! x3
The tyrant gestures wildly while chanting.
The destroyer hits you with a +9 heavy great sword!!!!!
Ouch! That really hurt!
You die...

.......O.O ......o
...o..... ..§.o..
......... .o..o..
#...M...# .......
#.......# ..o....
.###......§###o......
......###))○§)V......
......_))§§§@.O.....
..#.L.X)#)§§§...#.#
#_.<☼§#)§)§......
.#....)#)§O§..#.#.
......_...).....o...
......###))......o#.#
.###.. ....###...OO..
#.......# ......
#.......# ......


You could see an accursed, a tyrant (fast), a destroyer, a large abomination
(summoned), 4 meat berserkers and 9 bags of meat.

Vanquished Creatures
  6 vampire knights (D)
  18 ogres (D)
  4 two-headed ogres (D)
  33 orcs (D)
  3 skeletal warriors (D)
64 creatures vanquished.

Notes
Turn   | Place    | Note
-------+----------+-------------------------------------------
     0 | D        | Found the +∞ Axe of Woe
     0 | D        | 123456 the Demonspawn Gladiator began the quest for the
                  | Orb.
     0 | D        | Reached XP level 1. HP: 16/16 MP: 1/1
     2 | D        | Noticed a bag of meat
     2 | D        | Noticed a bag of meat
     4 | D        | Became a worshipper of Makhleb the Destroyer
     4 | D        | Noticed a bag of meat
     5 | D        | Noticed a bag of meat
     6 | D        | Noticed a meat berserker
     6 | D        | Noticed a bag of meat
     7 | D        | Killed a bag of meat
     7 | D        | Noticed a bag of meat
     8 | D        | Reached skill level 15 in Dodging
     8 | D        | Reached skill level 15 in Unarmed Combat
     8 | D        | Gained mutation: You are partially covered in icy blue
                  | scales. (AC +2) [demonic ancestry]
     8 | D        | Reached XP level 2. HP: 34/34 MP: 2/2
     8 | D        | Gained mutation: You are mostly covered in icy blue scales.
                  | (AC +3) [demonic ancestry]
     8 | D        | Reached XP level 3. HP: 39/39 MP: 3/3
     8 | D        | Reached XP level 4. HP: 46/46 MP: 4/4
     8 | D        | Gained mutation: You regenerate magic rapidly. [demonic
                  | ancestry]
     8 | D        | Reached XP level 5. HP: 52/52 MP: 5/5
     8 | D        | Reached XP level 6. HP: 58/58 MP: 6/6
     8 | D        | Gained mutation: When hurt, damage is shared between your
                  | health and your magic reserves. [demonic ancestry]
     8 | D        | Reached XP level 7. HP: 64/64 MP: 7/7
     8 | D        | Gained mutation: Your touch may inflict minor irresistible
                  | damage on your foes. [demonic ancestry]
     8 | D        | Reached XP level 8. HP: 71/71 MP: 8/8
     8 | D        | Reached XP level 9. HP: 76/76 MP: 9/9
     8 | D        | Reached XP level 10. HP: 83/83 MP: 10/10
     8 | D        | Killed a bag of meat
     8 | D        | Reached * piety under Makhleb
     8 | D        | Killed a bag of meat
     8 | D        | Noticed a meat berserker
     8 | D        | Noticed a meat berserker
     9 | D        | Reached skill level 5 in Axes
     9 | D        | Reached skill level 10 in Throwing
     9 | D        | Reached XP level 11. HP: 54/95 MP: 5/11
     9 | D        | Gained mutation: You are completely covered in icy blue
                  | scales. (AC +4, rC+) [demonic ancestry]
     9 | D        | Reached XP level 12. HP: 58/102 MP: 5/12
     9 | D        | Killed a bag of meat
     9 | D        | Killed a meat berserker
     9 | D        | Reached ** piety under Makhleb
     9 | D        | Noticed a meat berserker
    10 | D        | Gained mutation: Your touch may inflict irresistible damage
                  | on your foes. [demonic ancestry]
    10 | D        | Reached XP level 13. HP: 93/112 MP: 5/13
    10 | D        | Killed a bag of meat
    10 | D        | Noticed a meat berserker
    10 | D        | Noticed a bag of meat
    10 | D        | Noticed a bag of meat
    10 | D        | Noticed a meat berserker
    11 | D        | Reached XP level 14. HP: 112/120 MP: 5/14
    11 | D        | Killed a meat berserker
    11 | D        | Killed a meat berserker
    11 | D        | Reached *** piety under Makhleb
    11 | D        | Noticed a meat berserker
    11 | D        | Noticed a meat berserker
    11 | D        | Noticed a bag of meat
    11 | D        | Noticed a bag of meat
    12 | D        | Reached XP level 15. HP: 131/131 MP: 6/15
    16 | D        | Killed a meat berserker
    17 | D        | Killed a meat berserker
    17 | D        | Reached **** piety under Makhleb
    17 | D        | Killed a meat berserker
    17 | D        | Noticed a meat berserker
    18 | D        | Gained mutation: You sometimes gain a little power by
                  | taking damage. [demonic ancestry]
    18 | D        | Reached XP level 16. HP: 145/145 MP: 5/16
    18 | D        | Killed a meat berserker
    19 | D        | Reached skill level 15 in Throwing
    19 | D        | Reached skill level 27 in Dodging
    19 | D        | Reached skill level 27 in Unarmed Combat
    19 | D        | Noticed a meat berserker
    19 | D        | Killed a meat berserker
    19 | D        | Reached ***** piety under Makhleb
    19 | D        | Noticed a large bag of meat
    20 | D        | Gained mutation: You sometimes gain power by taking damage.
                  | [demonic ancestry]
    20 | D        | Reached XP level 17. HP: 162/162 MP: 5/17
    21 | D        | Noticed a meat berserker
    22 | D        | Reached skill level 27 in Axes
    23 | D        | Killed a large bag of meat
    23 | D        | Reached ****** piety under Makhleb
    23 | D        | Noticed a destroyer
    23 | D        | Noticed a meat berserker
    24 | D        | Reached skill level 27 in Fighting
    24 | D        | Gained mutation: Your hexes are more powerful. [demonic
                  | ancestry]
    24 | D        | Reached XP level 18. HP: 159/182 MP: 4/18
    24 | D        | Killed a meat berserker
    24 | D        | Noticed a large bag of meat
    25 | D        | Reached skill level 27 in Throwing
    25 | D        | Killed a meat berserker
    26 | D        | Reached skill level 5 in Invocations
    26 | D        | Noticed a meat berserker
    26 | D        | Killed a destroyer
    26 | D        | Noticed a meat berserker
    27 | D        | Reached skill level 5 in Short Blades
    27 | D        | Reached skill level 5 in Long Blades
    27 | D        | Reached skill level 5 in Maces & Flails
    27 | D        | Reached skill level 5 in Polearms
    27 | D        | Reached skill level 5 in Staves
    27 | D        | Reached skill level 5 in Ranged Weapons
    27 | D        | Reached skill level 5 in Armour
    27 | D        | Reached skill level 5 in Stealth
    27 | D        | Reached skill level 5 in Shields
    27 | D        | Reached skill level 5 in Spellcasting
    27 | D        | Reached skill level 5 in Conjurations
    27 | D        | Reached skill level 5 in Summonings
    27 | D        | Reached skill level 5 in Translocations
    27 | D        | Reached skill level 5 in Transmutations
    27 | D        | Reached skill level 5 in Fire Magic
    27 | D        | Reached skill level 5 in Ice Magic
    27 | D        | Reached skill level 5 in Air Magic
    27 | D        | Reached skill level 5 in Earth Magic
    27 | D        | Gained mutation: You are powered by pain. [demonic
                  | ancestry]
    27 | D        | Reached XP level 19. HP: 179/189 MP: 5/26
    27 | D        | Noticed a destroyer
    27 | D        | Noticed a destroyer
    28 | D        | Noticed a destroyer
    28 | D        | Killed a meat berserker
    29 | D        | Killed a large bag of meat
    30 | D        | Noticed a meat berserker
    31 | D        | Gained mutation: Your touch may irresistibly damage your
                  | foes and sap their willpower. [demonic ancestry]
    31 | D        | Reached XP level 20. HP: 179/197 MP: 21/32
    31 | D        | Killed a meat berserker
    31 | D        | Killed a destroyer
    31 | D        | Noticed a meat berserker
    32 | D        | Reached skill level 10 in Stealth
    32 | D        | Reached skill level 10 in Conjurations
    32 | D        | Reached skill level 10 in Summonings
    32 | D        | Reached skill level 10 in Fire Magic
    32 | D        | Reached skill level 10 in Ice Magic
    32 | D        | Reached skill level 10 in Air Magic
    32 | D        | Reached skill level 10 in Earth Magic
    32 | D        | Killed a meat berserker
    33 | D        | Reached skill level 15 in Invocations
    33 | D        | Killed a destroyer
    33 | D        | Killed a meat berserker
    33 | D        | Noticed a destroyer
    34 | D        | Reached skill level 10 in Short Blades
    34 | D        | Reached skill level 10 in Long Blades
    34 | D        | Reached skill level 10 in Maces & Flails
    34 | D        | Reached skill level 10 in Polearms
    34 | D        | Reached skill level 10 in Staves
    34 | D        | Reached skill level 10 in Ranged Weapons
    34 | D        | Reached skill level 10 in Armour
    34 | D        | Reached skill level 10 in Shields
    34 | D        | Reached skill level 10 in Spellcasting
    34 | D        | Reached skill level 10 in Translocations
    34 | D        | Reached skill level 10 in Transmutations
    34 | D        | Reached XP level 21. HP: 199/204 MP: 19/35
    35 | D        | Noticed a large bag of meat
    35 | D        | Noticed a destroyer
    36 | D        | Killed a destroyer
    37 | D        | Killed a destroyer
    38 | D        | Reached skill level 15 in Hexes
    38 | D        | Reached skill level 15 in Poison Magic
    38 | D        | Reached skill level 15 in Evocations
    38 | D        | Gained mutation: When low on magic, you restore magic in
                  | place of health. [demonic ancestry]
    38 | D        | Reached XP level 22. HP: 212/212 MP: 25/38
    38 | D        | Noticed a large bag of meat
    39 | D        | Reached skill level 15 in Necromancy
    41 | D        | Noticed an accursed
    41 | D        | Killed a destroyer
    42 | D        | Reached skill level 15 in Stealth
    42 | D        | Reached skill level 15 in Conjurations
    42 | D        | Reached skill level 15 in Summonings
    42 | D        | Reached skill level 15 in Fire Magic
    42 | D        | Reached skill level 15 in Ice Magic
    42 | D        | Reached skill level 15 in Air Magic
    42 | D        | Reached skill level 15 in Earth Magic
    43 | D        | Killed a large bag of meat
    44 | D        | Reached XP level 23. HP: 171/219 MP: 39/41
    45 | D        | Noticed a tyrant
    45 | D        | Noticed a destroyer
    47 | D        | Reached skill level 15 in Short Blades
    47 | D        | Reached skill level 15 in Long Blades
    47 | D        | Reached skill level 15 in Maces & Flails
    47 | D        | Reached skill level 15 in Polearms
    47 | D        | Reached skill level 15 in Staves
    47 | D        | Reached skill level 15 in Ranged Weapons
    47 | D        | Reached skill level 15 in Armour
    47 | D        | Reached skill level 15 in Shields
    47 | D        | Reached skill level 15 in Spellcasting
    47 | D        | Reached skill level 15 in Translocations
    47 | D        | Reached skill level 15 in Transmutations
    47 | D        | Killed a large bag of meat
    48 | D        | Annihilated by a destroyer

Illustrated notes

Levels and vault maps discovered:
D:        meatsprint

Skill      XL: |  1  2  3  4  5  6  7  8  9 10 11 12 13 14 15 16 17 18 19 20 21 22 23 |
---------------+----------------------------------------------------------------------+-----
Fighting       | 9 11 13 14 16 18 22 27 | 27.0
Axes           | 3 5 8 9 12 18 25 27 | 27.0
Throwing       | 8 10 11 12 13 14 17 26 27 | 27.0
Dodging        | 15 18 21 23 26 27 | 27.0
Unarmed Combat | 15 18 21 23 26 27 | 27.0
Short Blades   | 5 8 10 12 14 15 | 15.2
Long Blades    | 5 8 10 12 14 15 | 15.2
Maces & Flails | 5 8 10 12 14 15 | 15.2
Polearms       | 5 8 10 12 14 15 | 15.2
Staves         | 5 8 10 12 14 15 | 15.2
Ranged Weapons | 5 8 10 12 14 15 | 15.2
Armour         | 5 8 10 12 14 15 | 15.2
Stealth        | 5 8 11 13 15 16 | 16.5
Shields        | 5 8 10 12 14 15 | 15.2
Spellcasting   | 5 8 10 12 14 15 | 15.2
Conjurations   | 5 8 11 13 15 16 | 16.5
Hexes          | 6 9 13 15 17 18 | 18.3
Summonings     | 5 8 11 13 15 16 | 16.5
Necromancy     | 6 9 12 14 17 | 17.9
Translocations | 5 8 10 12 14 15 | 15.2
Transmutations | 5 8 10 12 14 15 | 15.2
Fire Magic     | 5 9 12 14 16 | 16.9
Ice Magic      | 5 9 12 14 16 | 16.9
Air Magic      | 5 9 12 14 16 | 16.9
Earth Magic    | 5 9 12 14 16 | 16.9
Poison Magic   | 6 9 13 15 17 18 | 18.3
Invocations    | 8 12 16 19 22 23 | 23.0
Evocations     | 6 9 13 15 17 18 | 18.3

Action                     |  1- 3 |  4- 6 |  7- 9 | 10-12 | 13-15 | 16-18 | 19-21 | 22-24 || total
---------------------------+-------+-------+-------+-------+-------+-------+-------+-------++-------
  Melee: Executioner's axe |     1 |       |       |     2 |     4 |     9 |     9 |     7 ||    32
 Armour: Leather armour    |       |       |       |       |     1 |       |       |       ||     1
  Dodge: Dodged            |       |       |       |       |       |       |       |     4 ||     4

Table legend: (Time is in decaauts)
 A = Elapsed time spent in this place.
 B = Non-inter-level travel time spent in this place.
 C = Inter-level travel time spent in this place.
 D = Time resting spent in this place.
 E = Time spent auto-exploring this place.
 F = Levels seen in this place.
 G = Mean time per level.
                   A        B        C        D        E       F      G
               +--------+--------+--------+--------+--------+-----+--------+
         Total |     44 |     44 |      0 |      0 |      0 |   1 |   44.0 |
       Dungeon |     44 |     44 |      0 |      0 |      0 |   1 |   44.0 |
               +--------+--------+--------+--------+--------+-----+--------+

Top non-repeatable levels by time:
       D: 44 daAuts
